 Dungeon Crawl Stone Soup version 0.30.1-11-g7821555f0a (webtiles) character file.

Game seed: 17011587426052074325

104 Bronimir the Poker (level 4, 0/27 HPs)
             Began as a Gargoyle Reaver on Jan 3, 2024.
             Was an Initiate of Yredelemnul.
             Slain by an iguana (7 damage)
             ... on level 4 of the Dungeon.
             The game lasted 00:05:39 (2543 turns).

Bronimir the Poker (Gargoyle Reaver)                Turns: 2543, Time: 00:05:39

Health: 0/27       AC:  9    Str: 17    XL:     4   Next: 80%
Magic:  7/7        EV: 10    Int: 14    God:    Yredelemnul [......]
Gold:   186        SH:  0    Dex:  8    Spells: 1/7 levels left

rFire   . . .        w - +2 spear (flame)
rCold   . . .        (no shield)
rNeg    + . .        l - +0 ring mail
rPois   ∞            (no helmet)
rElec   +            (no cloak)
rCorr   .            k - +0 pair of gloves
SInv    .            (no boots)
Will    .....        (no amulet) Stlth
                     (no ring)
HPRegen 0.24/turn    (no ring)
MPRegen 0.10/turn

%: no passive effects
@: no status effects
A: sickness immunity, AC +3, negative energy resistance 1, electricity
resistance, torment resistance 1, petrification resistance
a: Renounce Religion, Recall Undead Harvest


You were on level 4 of the Dungeon.
You worshipped Yredelemnul.
Yredelemnul was noncommittal.
You visited 1 branch of the dungeon, and saw 4 of its levels.

You collected 186 gold pieces.

Inventory:

Hand Weapons
 a - a +0 spear
 w - a +2 spear of flaming (weapon)
Missiles
 g - 2 throwing nets
Armour
 b - a +0 leather armour
 k - a +0 pair of gloves (worn)
 l - a +0 ring mail (worn)
Magical Staves
 n - a staff of fire
Scrolls
 c - 2 scrolls of fog {unknown}
 d - 4 scrolls of magic mapping {unknown}
 e - 2 scrolls of identify {unknown}
 j - a scroll of vulnerability {unknown}
 o - a scroll of noise {unknown}
 p - a scroll of amnesia {unknown}
 q - a scroll of enchant weapon {unknown}
 v - a scroll of fear {unknown}
Potions
 f - 2 potions of heal wounds {unknown}
 h - a potion of brilliance {unknown}
 i - 2 potions of berserk rage {unknown}
 m - 2 potions of lignification {unknown}
 r - a potion of mutation {unknown}
 s - a potion of haste {unknown}
 t - 2 potions of curing {unknown}
 u - a potion of cancellation {unknown}
 x - a potion of attraction {unknown}


   Skills:
 + Level 2.4 Fighting
 * Level 4.0 Polearms
 * Level 1.4 Armour
 + Level 1.8 Dodging
 + Level 0.1 Stealth
 + Level 2.0 Spellcasting
 * Level 3.8 Conjurations
 + Level 0.1 Necromancy


You had one spell level left.
You knew the following spells:

 Your Spells              Type           Power      Damage    Failure   Level
a - Kiss of Death         Conj/Necr      28%        2d7       19%         1
b - Momentum Strike       Conj/Tloc      12%        3d8       28%         2
c - Hailstorm             Conj/Ice       6%         3d4       50%         3

Your spell library contained the following spells:

 Spells                   Type           Power      Damage    Failure   Level


Dungeon Overview and Level Annotations

Branches:
Dungeon (4/15)
 Temple: D:4-7

Altars:
Cheibriados
Uskayaw
Yredelemnul

Portals:
Abyss: D:3

Annotations:
D:3 2 transporters, TheBioAlchemist's ghost, amateur GrEE


Innate Abilities, Weirdness & Mutations

You are immune to sickness and miasma.
Your stone body is resilient. (AC +3)
You are immune to poison.
You resist negative energy. (rN+)
You are resistant to electric shocks. (rElec)
You are resistant to unholy torment.
You are immune to petrification.


Message History

Things that are here:
a +0 short sword; 2 stones You now have 181 gold pieces (gained 11).
Found a stone staircase leading down.
You hear the slow rusting of a drain nearby.
You swap places.
Found an iguana corpse.
Found a hide-covered altar of Uskayaw.
Found a goblin corpse.
No target in view!
No target in view!
No target in view!
Found an adder corpse.
Found an adder corpse, a kobold corpse, an iguana corpse and an orc corpse.
You see here a +0 dagger of freezing.
x - a blue potion You now have 186 gold pieces (gained 5).
You see here an orc corpse.
An iguana comes into view.
An iguana is nearby!
An iguana is nearby!
Your adder zombie bites the iguana.
You closely miss the iguana.
The iguana is lightly wounded.
The iguana bites you!
Your adder zombie bites the iguana but does no damage.
You barely miss the iguana.
The iguana is lightly wounded.
You hear the slow rusting of a drain nearby.
The iguana bites you!
* * * LOW HITPOINT WARNING * * *
Your adder zombie bites the iguana but does no damage.
You are too injured to fight recklessly!
You are too injured to fight recklessly!
You are too injured to fight recklessly!
You are too injured to fight recklessly!
Your adder zombie barely misses the iguana.
Your adder zombie bites the iguana.
The iguana attacks as you move away! The iguana bites you!
You die...
Your body rises from the dead as a mindless zombie.

#.##.##Z..# ####.####Z#
#.....†.#.# ##
#.......#.# .#
##########)..††..#.# .#
#.....##....._.....#
.###........#...†.†.###
.........####.......#
.###.....# #..†@Z..#
.###.....#######l####
..###......# #Z..#
.####.####.# #.#.# ##
#.......# .....#
####..#.........###
......#.##.#####
........## #
..#........#


You could see an iguana (ally target), a friendly adder zombie and a friendly
kobold zombie.

Vanquished Creatures
  4 adders
  A worm (D:2)
  5 dart slugs
  5 ball pythons
  3 bats
  2 endoplasms (D:1)
  3 giant cockroaches
  8 goblins
  8 hobgoblins
  4 jackals (D:1)
  2 quokkas
  2 frilled lizards (D:1)
  2 kobolds
  3 rats (D:1)
52 creatures vanquished.

Notes
Turn   | Place    | Note
-------+----------+-------------------------------------------
     0 | D:1      | Bronimir the Gargoyle Reaver began the quest for the Orb.
     0 | D:1      | Reached XP level 1. HP: 12/12 MP: 3/3
   124 | D:1      | Reached XP level 2. HP: 12/12 MP: 1/5
   127 | D:1      | Reached skill level 3 in Polearms
   307 | D:1      | Found a faded altar of an unknown god.
   493 | D:1      | Reached XP level 3. HP: 22/22 MP: 6/6
   897 | D:2      | Learned a level 2 spell: Momentum Strike
   901 | D:2      | Learned a level 3 spell: Hailstorm
  1318 | D:2      | Reached XP level 4. HP: 23/24 MP: 7/7
  1376 | D:2      | Reached skill level 1 in Armour
  1974 | D:3      | Found a transporter.
  2152 | D:3      | Found a transporter.
  2153 | D:3      | Found a one-way gate to the infinite horrors of the Abyss.
  2153 | D:3      | Noticed TheBioAlchemist's ghost (amateur GrEE)
  2153 | D:3      | Noticed a small abomination
  2155 | D:3      | Noticed a small abomination
  2287 | D:3      | Found a basalt altar of Yredelemnul.
  2366 | D:3      | Became a worshipper of Yredelemnul the Dark
  2415 | D:4      | Found a snail-covered altar of Cheibriados.
  2423 | D:4      | Reached skill level 4 in Polearms
  2509 | D:4      | Found a hide-covered altar of Uskayaw.
  2543 | D:4      | Slain by an iguana

Illustrated notes

Levels and vault maps discovered:
D:1:      lemuel_arrival_hallway, layout_loops_ring,
          shapermc_ecumenical_altar_mp_highgroup
D:2:      layout_loops_ring
D:3:      layout_loops_ring, mainiacjoe_overflow_surrounded_room,
          gammafunk_ghost_abyssal_escape, nicolae_eternal_life,
          minmay_stone_trees_small, nrook_mini_vaults
D:4:      layout_loops_cross, cheibriados_altar_1, elyvilon_altar_1,
          nicolae_uskayaw_murder_on_the_dancefloor, lightli_sewer_entry_pipes

Skill      XL: |  1  2  3  4 |
---------------+-------------+-----
Polearms       | 3 4 |  4.0
Armour         | 1 |  1.4
Fighting       | |  2.4
Dodging        | |  1.8
Stealth        | |  0.1
Spellcasting   | |  2.0
Conjurations   | |  3.8
Necromancy     | |  0.1

Action                     |  1- 3 |  4- 6 || total
---------------------------+-------+-------++-------
  Melee: Spear             |   154 |    76 ||   230
         Punch             |     2 |     1 ||     3
   Cast: Kiss of Death     |     3 |       ||     3
 Armour: Leather armour    |    33 |       ||    33
         Ring mail         |    11 |    26 ||    37
  Dodge: Dodged            |    97 |    19 ||   116
